 Dungeon Crawl Stone Soup version 0.27-a0-291-gd9602db6ee (webtiles) character file.

Game seed: 5179513278592396718

30209 snetch the Spear-Bearer (level 13, -4/117 HPs)
             Began as a Minotaur Berserker on Feb 9, 2021.
             Was a High Priest of Trog.
             Slain by an orc warrior
             ... wielding a +0 glaive
              (24 damage)
             ... in a bailey.
             The game lasted 00:52:12 (16179 turns).

snetch the Spear-Bearer (Minotaur Berserker)       Turns: 16179, Time: 00:52:13

Health: -4/117     AC: 19    Str: 27    XL:     13   Next: 19%
Magic:  12/12      EV:  9    Int:  4    God:    Trog [*****.]
Gold:   839        SH:  0    Dex: 10    Spells: 12/12 levels left

rFire    + . .     SeeInvis +   a - +5 battleaxe (freeze)
rCold    . . .     Faith    .   (shield currently unavailable)
rNeg     . . .     Spirit   .   o - +0 plate armour
rPois    .         Reflect  .   (helmet restricted)
rElec    .         Harm     .   H - +0 cloak
rCorr    .         Rampage  .   p - +0 pair of gloves "Xitun" {rF+}
Will     .....                  (no boots)
Stlth    ..........             (no amulet)
HPRegen  0.29/turn              M - ring of see invisible
MPRegen  0.13/turn              n - +4 ring of slaying

@: no status effects
A: retaliatory headbutt, horns 2
a: Renounce Religion, Berserk, Trog's Hand, Brothers in Arms


You were in a bailey.
You worshipped Trog.
Trog was extremely pleased with you.
You visited 2 branches of the dungeon, and saw 15 of its levels.
You also visited: Bailey.

You collected 1043 gold pieces.
You spent 204 gold pieces at shops.

Inventory:

Hand Weapons
 a - a +5 battleaxe of freezing (weapon)
 b - the +9 bardiche of Eternal Harmony {flame, rElec rC- SInv}
   (Trog gifted it to you on level 12 of the Dungeon)

   It has been specially enchanted to burn those struck by it, causing extra
   injury to most foes and up to half again as much damage against particularly
   susceptible opponents.
   Big, fiery blades are also staple armaments of hydra-hunters.
   It makes you vulnerable to cold.
   It insulates you from electricity.
   It lets you see invisible.
 c - the +5 rapier of Muco {freeze, +Fly rC+ Str+4 Dex+3}
   (You found it on level 9 of the Dungeon)

   It has been specially enchanted to freeze those struck by it, causing extra
   injury to most foes and up to half again as much damage against particularly
   susceptible opponents.
   It can also slow down cold-blooded creatures.
   It affects your strength (+4).
   It affects your dexterity (+3).
   It protects you from cold.
   It lets you fly.
 S - a +3 great sword of holy wrath
Missiles
 J - 18 boomerangs
 Q - 75 poisoned darts (quivered)
 W - 4 javelins
Armour
 h - a +3 leather armour of cold resistance
 o - a +0 plate armour (worn)
 p - the +0 pair of gloves "Xitun" (worn) {rF+}
   (You found it on level 4 of the Dungeon)

   It protects you from fire.
 H - a +0 cloak (worn)
Jewellery
 n - a +4 ring of slaying (right hand)
 q - an uncursed ring of protection from fire
 G - a +6 ring of intelligence
 M - a ring of see invisible (left hand)
 N - an uncursed ring of protection from cold
Wands
 g - a wand of mindburst (18)
 r - a wand of iceblast (14)
 y - a wand of flame (54)
 A - a wand of charming (6)
 B - a wand of digging (7)
 P - a wand of random effects (47)
Scrolls
 e - a scroll of immolation
 s - 4 scrolls of teleportation
 C - 4 scrolls of fear
 L - a scroll of vulnerability
 O - a scroll of summoning
 T - 4 scrolls of blinking
Potions
 d - a potion of experience {unknown}
 f - a potion of berserk rage
 m - 18 potions of curing
 t - 8 potions of heal wounds
 u - a potion of attraction
 v - 7 potions of might
 w - 2 potions of flight
 x - a potion of cancellation
 I - 3 potions of lignification
 K - 5 potions of resistance
 U - 2 potions of invisibility
Miscellaneous
 Y - a phial of floods


   Skills:
 + Level 11.6 Fighting
 + Level 13.8(16.1) Axes
 + Level 14.2(16.2) Polearms
 + Level 13.2 Armour
 + Level 4.0 Dodging
 + Level 2.0 Stealth
 + Level 0.1 Evocations


You had 12 spell levels left.
You didn't know any spells.
Your spell library contained the following spells:

 Spells                   Type           Power        Failure   Level
 Animate Skeleton         Necr           0%           99%         1
 Apportation              Tloc           0%           99%         1
 Corona                   Hex            0%           99%         1
 Freeze                   Ice            0%           99%         1
 Magic Dart               Conj           0%           99%         1
 Sting                    Tmut/Pois      0%           99%         1
 Summon Small Mammal      Summ           0%           99%         1
 Blink                    Tloc           N/A          99%         2
 Call Imp                 Summ           0%           99%         2
 Poisonous Vapours        Pois/Air       0%           99%         2
 Slow                     Hex            0%           99%         2
 Conjure Flame            Conj/Fire      0%           100%        3
 Frozen Ramparts          Ice            0%           100%        3
 Ignite Poison            Fire/Tmut/Pois 0%           100%        3
 Lesser Beckoning         Tloc           0%           100%        3
 Mephitic Cloud           Conj/Pois/Air  0%           100%        3
 Ozocubu's Armour         Ice            0%           100%        3
 Tukima's Dance           Hex            0%           100%        3
 Hailstorm                Conj/Ice       0%           100%        4
 Olgreb's Toxic Radiance  Pois           0%           100%        4
 Summon Ice Beast         Ice/Summ       0%           100%        4
 Alistair's Intoxication  Tmut/Pois      0%           100%        5
 Invisibility             Hex            0%           100%        6


Dungeon Overview and Level Annotations

Branches:
Dungeon (14/15)            Temple (1/1) D:7            Lair (0/6) D:8
    Orc (0/2) D:9          Vaults (0/5) D:13         Bailey (1/1)

Altars:
Ashenzari
Cheibriados
Dithmenos
Elyvilon
Fedhas
Gozag
Hepliaklqana
Kikubaaqudgha
Makhleb
Nemelex Xobeh
Okawaru
Qazlal
Ru
Sif Muna
Trog
Uskayaw
Vehumet
Wu Jian
Xom
Yredelemnul
Zin
The Shining One
Beogh
Lugonu

Shops:
D:7 !   D:12 [


Innate Abilities, Weirdness & Mutations

You reflexively headbutt those who attack you in melee.
You have a pair of horns on your head.


Message History

The orc warrior hits you with a +0 glaive!!
Unknown command.
You closely miss the orc warrior. You headbutt the orc warrior!
The orc warrior is moderately wounded.
The orc warrior hits you but does no damage.
The orc warrior hits you from afar with a +0 glaive!!
You are too injured to fight recklessly!
Unknown command.
Your cyclops goes berserk!
The orc warrior hits you with a +0 glaive!!
* * * LOW HITPOINT WARNING * * *
The orc warrior closely misses you.
You feel much better.
The orc warrior hits you from afar with a +0 glaive!!
* * * LOW HITPOINT WARNING * * *
The orc warrior hits you with a +0 glaive.
* * * LOW HITPOINT WARNING * * *
Your cyclops hits the orc warrior!
The orc warrior hits you from afar with a +0 glaive!!
You die...

#...??..#
#..???..#
#.......#
#.......#
#.......#
#.......#
#....oo.#
#..Co..)#
##....@##
#'''''#
##.....##
#.......#
#..)))..#
#..).)).#
#..)..).#
#..))...#
##.....##


You could see 3 orc warriors and a friendly cyclops (summoned, berserk).

Vanquished Creatures
  Snorg (D:12)
  5 vault guards (D:13)
  Fannar (D:10)
  3 boulder beetles
  Erolcha (D:12)
  A centaur warrior (D:9)
  5 two-headed ogres
  2 death yaks (D:8)
  Urug (D:12)
  An orc knight (Bailey)
  An ugly thing (D:12)
  A cyclops (D:11)
  Joseph (D:8)
  Maurice (D:12)
  A centaur skeleton (D:12)
  2 tengu conjurers (D:13)
  3 trolls
  2 hornets
  A vampire (D:13)
  A shadow (D:13)
  A wraith (D:11)
  Eustachio (D:6)
  22 yaks
  A wyvern (D:9)
  A hornet zombie (D:6)
  8 orc warriors
  2 ice beasts
  A necrophage (D:9)
  3 sky beasts
  A black bear (D:8)
  4 ogres
  A boggart (D:11)
  8 centaurs
  3 phantoms
  3 kobold brigands
  8 bullfrogs
  A gnoll sergeant (D:10)
  2 wyvern skeletons
  5 scorpions
  31 wights
  A howler monkey (D:11)
  2 centaur zombies
  A crimson imp (D:8)
  2 bullfrog zombies
  2 jellies
  10 orc priests
  2 bullfrog skeletons (D:7)
  A gnoll shaman (D:9)
  4 hounds
  Terence (D:3)
  11 worker ants
  Natasha (thrice) (D:3)
  An iguana (D:12)
  15 orc wizards
  A statue (D:7)
  A hound zombie (D:8)
  A hound skeleton (D:5)
  A worker ant zombie (D:8)
  17 gnolls
  9 adders
  4 shadow imps
  2 ufetubi
  An ooze (D:4)
  3 adder skeletons
  A worm (D:5)
  7 dart slugs
  12 leopard geckos
  78 orcs
  9 giant cockroaches
  10 goblins
  16 hobgoblins
  3 jackals (D:5)
  20 kobolds
  5 quokkas
  5 bats
  3 frilled lizards
  A jackal skeleton (D:5)
  A leopard gecko zombie (D:8)
  A quokka zombie (D:7)
  5 rats
415 creatures vanquished.

Vanquished Creatures (collateral kills)
  3 vault guards (D:13)
  A death yak (D:8)
  A hound zombie (D:8)
5 creatures vanquished.

Grand Total: 420 creatures vanquished

Notes
Turn   | Place    | Note
-------+----------+-------------------------------------------
     0 | D:1      | snetch the Minotaur Berserker began the quest for the Orb.
     0 | D:1      | Reached XP level 1. HP: 19/19 MP: 0/0
   289 | D:2      | Reached XP level 2. HP: 11/27 MP: 1/1
   633 | D:1      | Reached XP level 3. HP: 33/33 MP: 2/2
   853 | D:1      | Reached ** piety under Trog
  1451 | D:2      | You fall into a shaft and drop 2 floors!
  1459 | D:4      | Reached XP level 4. HP: 37/41 MP: 3/3
  1465 | D:4      | Reached skill level 5 in Axes
  1480 | D:4      | Got a pair of polished gloves
  1597 | D:4      | Noticed a phantom
  1624 | D:4      | Killed a phantom
  1625 | D:4      | Reached XP level 5. HP: 26/47 MP: 4/4
  1630 | D:5      | Entered Level 5 of the Dungeon
  1635 | D:5      | Noticed an ogre
  1643 | D:5      | Killed an ogre
  1644 | D:5      | Reached XP level 6. HP: 36/55 MP: 5/5
  2052 | D:5      | Reached skill level 5 in Fighting
  2549 | D:3      | Noticed Natasha
  2555 | D:3      | Killed Natasha
  2663 | D:2      | Identified the cursed +0 pair of gloves "Xitun" {rF+} (You
                  | found it on level 4 of the Dungeon)
  2863 | D:2      | Found a hide-covered altar of Uskayaw.
  3037 | D:2      | Reached skill level 1 in Polearms
  3407 | D:3      | Noticed Natasha
  3418 | D:3      | Killed Natasha
  3504 | D:3      | Noticed Terence
  3512 | D:3      | Killed Terence
  3512 | D:3      | Reached *** piety under Trog
  3513 | D:3      | Reached skill level 1 in Stealth
  3648 | D:3      | Noticed Natasha
  3651 | D:3      | Killed Natasha
  3652 | D:3      | Reached XP level 7. HP: 61/61 MP: 6/6
  3850 | D:3      | Found a stormy altar of Qazlal.
  3859 | D:3      | Reached skill level 2 in Polearms
  4034 | D:3      | Found an ornate altar of the Wu Jian Council.
  4726 | D:5      | Reached skill level 5 in Armour
  4742 | D:5      | Reached skill level 3 in Polearms
  4805 | D:5      | Reached skill level 4 in Polearms
  5053 | D:5      | Found a white marble altar of Elyvilon.
  5189 | D:6      | Reached skill level 5 in Polearms
  5189 | D:6      | Reached XP level 8. HP: 49/69 MP: 7/7
  5395 | D:6      | Reached **** piety under Trog
  5408 | D:6      | Found a shimmering altar of Xom.
  5412 | D:6      | Reached skill level 6 in Polearms
  5544 | D:6      | Noticed Eustachio
  5558 | D:6      | Killed Eustachio
  5559 | D:6      | Reached skill level 7 in Polearms
  6195 | D:7      | Found a radiant altar of Vehumet.
  6261 | D:7      | Reached skill level 8 in Polearms
  6291 | D:7      | Found a snail-covered altar of Cheibriados.
  6305 | D:7      | Reached XP level 9. HP: 74/77 MP: 8/8
  6407 | D:7      | Found an opulent altar of Gozag.
  6434 | D:8      | Noticed a death yak
  6443 | D:8      | Killed a death yak
  6444 | D:8      | Reached skill level 9 in Polearms
  6446 | D:8      | Noticed a death yak
  6456 | D:8      | Reached skill level 10 in Polearms
  6464 | D:8      | Noticed a death yak
  6467 | D:8      | Killed a death yak
  6468 | D:8      | Reached XP level 10. HP: 86/86 MP: 9/9
  6481 | D:8      | Killed a death yak
  6482 | D:8      | Reached skill level 11 in Polearms
  6482 | D:8      | Reached skill level 10 in Armour
  6487 | D:8      | Found a staircase to the Lair.
  6922 | D:7      | Found Uxuyboacs's Distillery.
  6938 | D:7      | Bought a potion of curing for 36 gold pieces
  6938 | D:7      | Bought a potion of degeneration for 12 gold pieces
  6938 | D:7      | Bought a potion of heal wounds for 60 gold pieces
  6938 | D:7      | Bought a potion of curing for 36 gold pieces
  6938 | D:7      | Bought a potion of heal wounds for 60 gold pieces
  7065 | D:7      | Found a hazy altar of Hepliaklqana.
  7103 | D:7      | Found a staircase to the Ecumenical Temple.
  7109 | Temple   | Entered the Ecumenical Temple
  7841 | D:8      | Found a burning altar of Makhleb.
  7870 | D:8      | Found a blossoming altar of Fedhas.
  8378 | D:8      | Found a shimmering blue altar of Sif Muna.
  8509 | D:8      | Reached ***** piety under Trog
  8517 | D:8      | Received a gift from Trog
  8597 | D:8      | Found a broken altar of Ashenzari.
  8684 | D:8      | Noticed Joseph
  8689 | D:8      | Killed Joseph
  8809 | D:9      | Noticed a centaur warrior
  8813 | D:9      | Got a crude rapier
  8819 | D:9      | Killed a centaur warrior
  9069 | D:9      | Found a glowing silver altar of Zin.
  9097 | D:9      | Found a staircase to the Orcish Mines.
  9103 | D:9      | Found a roughly hewn altar of Beogh.
  9380 | D:10     | Entered Level 10 of the Dungeon
  9380 | D:10     | Found a glowing golden altar of the Shining One.
  9384 | D:10     | Reached XP level 11. HP: 57/95 MP: 10/10
  9629 | D:9      | Noticed a two-headed ogre
  9635 | D:9      | Killed a two-headed ogre
  9776 | D:10     | Found a hide-covered altar of Uskayaw.
  9942 | D:9      | Found an iron altar of Okawaru.
  9963 | D:9      | Got a fine hand axe
 10186 | D:9      | Identified the +5 rapier of Muco {freeze, +Fly rC+ Str+4
                  | Dex+3} (You found it on level 9 of the Dungeon)
 10187 | D:9      | Identified the +6 hand axe of the Exiled Wonders {flame,
                  | Will+} (You found it on level 9 of the Dungeon)
 10784 | D:11     | Reached skill level 10 in Axes
 10852 | D:10     | Noticed Fannar
 10874 | D:10     | Killed Fannar
 11644 | D:11     | Noticed a two-headed ogre
 11650 | D:11     | Killed a two-headed ogre
 11655 | D:12     | Noticed a boulder beetle
 12213 | D:11     | Reached skill level 10 in Fighting
 12748 | D:12     | Noticed Maurice
 12749 | D:12     | Received a gift from Trog
 12761 | D:12     | Killed Maurice
 12767 | D:12     | Got a fine bardiche {god gift}
 12791 | D:12     | Found Emyatop's Armour Shop.
 12792 | D:12     | Noticed a two-headed ogre
 12798 | D:12     | Killed a two-headed ogre
 12799 | D:12     | Reached XP level 12. HP: 92/106 MP: 11/11
 12801 | D:12     | Identified the +9 bardiche of Eternal Harmony {flame, rElec
                  | rC- SInv} (Trog gifted it to you on level 12 of the
                  | Dungeon)
 12854 | D:12     | Noticed Snorg
 12860 | D:12     | Killed Snorg
 13001 | D:12     | Noticed Urug
 13007 | D:12     | Killed Urug
 13442 | D:12     | Killed a boulder beetle
 13606 | D:12     | Noticed a two-headed ogre
 13610 | D:12     | Killed a two-headed ogre
 14077 | D:12     | Noticed Erolcha
 14087 | D:12     | Killed Erolcha
 14088 | D:12     | Reached skill level 12 in Polearms
 14134 | D:12     | Noticed a two-headed ogre
 14136 | D:12     | Killed a two-headed ogre
 14171 | D:12     | Noticed a boulder beetle
 14178 | D:12     | Killed a boulder beetle
 14520 | D:13     | Noticed a vault guard
 14520 | D:13     | Noticed a vault guard
 14520 | D:13     | Noticed a vault guard
 14521 | D:13     | Found a gate to the Vaults.
 14521 | D:13     | Noticed a vault guard
 14521 | D:13     | Noticed a vault guard
 14521 | D:13     | Noticed a vault guard
 14522 | D:13     | Noticed a vault guard
 14527 | D:13     | Killed a vault guard
 14530 | D:13     | Killed a vault guard
 14537 | D:13     | Killed a vault guard
 14538 | D:13     | Reached skill level 13 in Polearms
 14541 | D:13     | Killed a vault guard
 14551 | D:13     | Killed a vault guard
 14553 | D:13     | Killed a vault guard
 14558 | D:13     | Killed a vault guard
 14704 | D:13     | Noticed a vault guard
 14718 | D:13     | Killed a vault guard
 14719 | D:13     | Reached skill level 14 in Polearms
 14719 | D:13     | Reached XP level 13. HP: 67/116 MP: 12/12
 15820 | D:14     | Found a flagged portal.
 15880 | Bailey   | Entered a bailey
 16179 | Bailey   | Slain by an orc warrior

Illustrated notes

Levels and vault maps discovered:
D:1:      tarquinn_simple_flora_water_a, layout_basic
D:2:      layout_basic, eat_drink_and_be_merry_uskayaw, minmay_misc_feat_square
D:3:      layout_loops_ring, lemuel_doored_altar, lemuel_coloured_pillars_altar,
          uniq_terence, uniq_natasha
D:4:      layout_basic
D:5:      layout_rooms, elyvilon_altar_3, fountainhead
D:6:      layout_gridville, overflow_temple_1_default, uniq_eustachio
D:7:      layout_loops_ring, kennysheep_mini, vehumet_statue,
          nicolae_overflow_crystal_walls, grunt_gozag_breadcrumbs,
          minmay_temple_entry_enclosed_plants, serial_shops, nicolae_shop_stone
D:8:      layout_loops_cross, makhleb_grotto_becter, kennysheep_little_box,
          fedhas_bush_and_centaur_altar, led_sif_pool, dpeg_lair_monsters,
          st_stairs_6, hangedman_decor_push, uniq_joseph
D:9:      lemuel_ice_spiral_2, layout_irregular_city, okawaru_ov_weapons_minmay,
          general_overflow_altar, minmay_orc_entry_temple_small
D:10:     layout_irregular_city, hangedman_feature_mirror, uniq_fannar
D:11:     layout_irregular_city, minivault_20, kennysheep_generic_room_7
D:12:     layout_basic, serial_corexii_hall, corexii_hall_statues_deadend,
          chequers_hall_statues_wall_a, corexii_hall_statues_x,
          corexii_hall_statues_deadend, serial_shops, shop, uniq_erolcha,
          uniq_maurice, uniq_urug, uniq_snorg
D:13:     layout_long_grid, erik_vaults_2, serial_shops, shop, hangedman_aviary
D:14:     layout_stronghold, enter_bailey_4, amcnicky_mini_rare_corridor_liquid
Temple:   corrupted_temple
Bailey:   bailey_polearm_5, bailey

Skill      XL: |  1  2  3  4  5  6  7  8  9 10 11 12 |
---------------+-------------------------------------+-----
Fighting       | 4 5 6 7 8 10 11 | 11.6
Axes           | 4 5 6 9 12 13 | 13.8
Armour         | 3 4 6 8 9 11 12 13 | 13.2
Dodging        | 3 4 |  4.0
Polearms       | 1 5 8 10 11 14 | 14.2
Stealth        | 1 2 |  2.0
Evocations     | |  0.1

Action                   |  1- 3 |  4- 6 |  7- 9 | 10-12 | 13-15 || total
-------------------------+-------+-------+-------+-------+-------++-------
Melee: Hand axe          |    75 |    61 |       |       |       ||   136
       Headbutt          |    10 |    18 |    38 |    83 |    19 ||   168
       Spear             |       |    67 |   232 |    74 |       ||   373
       Battleaxe         |       |       |       |   244 |    68 ||   312
       Rapier            |       |       |       |    18 |       ||    18
       Bardiche          |       |       |       |    92 |     8 ||   100
Invok: Berserk           |     3 |     2 |     1 |     2 |     1 ||     9
       Trog's Hand       |       |     1 |       |     2 |       ||     3
       Brothers in Arms  |       |       |       |     4 |     1 ||     5
 Abil: Evoke Flight      |       |       |       |     1 |       ||     1
  Use: Scroll            |       |       |       |    18 |     6 ||    24
       Potion            |       |       |       |     1 |     1 ||     2
Armor: Animal skin       |     1 |       |       |       |       ||     1
       Leather armour    |     9 |       |       |       |       ||     9
       Scale mail        |     7 |    23 |       |       |       ||    30
       Plate armour      |       |    25 |    60 |   118 |    60 ||   263
       Chain mail        |       |       |       |    89 |    32 ||   121
Dodge: Dodged            |    49 |    61 |    51 |   175 |    81 ||   417

Table legend: (Time is in decaauts)
 A = Elapsed time spent in this place.
 B = Non-inter-level travel time spent in this place.
 C = Inter-level travel time spent in this place.
 D = Time resting spent in this place.
 E = Time spent auto-exploring this place.
 F = Levels seen in this place.
 G = Mean time per level.
                   A        B        C        D        E       F      G
               +--------+--------+--------+--------+--------+-----+--------+
         Total |  16235 |  15487 |    748 |    660 |  10916 |  16 | 1014.7 |
       Dungeon |  15886 |  15150 |    736 |    660 |  10695 |  14 | 1134.7 |
        Temple |     44 |     32 |     12 |      0 |     31 |   1 |   44.0 |
        Bailey |    304 |    304 |      0 |      0 |    190 |   1 |  304.0 |
               +--------+--------+--------+--------+--------+-----+--------+

Top non-repeatable levels by time:
    D:12: 1687 daAuts
     D:9: 1663 daAuts
     D:8: 1525 daAuts
     D:4: 1437 daAuts
    D:11: 1401 daAuts
    D:13: 1319 daAuts
     D:2: 1179 daAuts
     D:6: 1172 daAuts
    D:10: 1044 daAuts
     D:7: 946 daAuts
     D:1: 909 daAuts
     D:3: 840 daAuts
     D:5: 669 daAuts
  Bailey: 304 daAuts
    D:14: 88 daAuts
